 Dungeon Crawl Stone Soup version 0.19.0-26-g9e9c210 (webtiles) character file.

2601 RudyRod the Shield-Bearer (level 9, -3/70 HPs)
             Began as a Formicid Fighter on Nov 23, 2016.
             Was a Believer of Okawaru.
             Killed from afar by an orc wizard (6 damage)
             ... with a magic dart
             ... on level 8 of the Dungeon.
             The game lasted 00:23:32 (6416 turns).

RudyRod the Shield-Bearer (Formicid Fighter)        Turns: 6416, Time: 00:23:33

Health: -3/70      AC:  9    Str: 21    XL:     9   Next: 90%
Magic:  11/11      EV: 17    Int:  8    God:    Okawaru [**....]
Gold:   476        SH: 11    Dex: 20    Spells: 1 memorised, 6 levels left

rFire  + . .     SeeInvis +     v - +7 lajatang of Order {silver, rMut}
rCold  + + .     Gourm    .     s - +1 ring mail {rC+}
rNeg   . . .     Faith    .     c - +0 shield
rPois  .         Spirit   .     (helmet unavailable)
rElec  .         Reflect  .     (no cloak)
rCorr  .         Harm     .     (no gloves)
rMut   +                        e - +0 pair of boots
MR     .....                    D - amulet of regeneration
Stlth  +++.......               q - ring of protection from fire
                                d - ring of protection from cold

@: agile
A: permanent stasis, dig shafts and tunnels, four strong arms, antennae 3,
rugged brown scales 1, agile 1
a: Dig, Shaft Self, Heroism, Renounce Religion


You were on level 8 of the Dungeon.
You worshipped Okawaru.
Okawaru was pleased with you.
You were not hungry.

You visited 2 branches of the dungeon, and saw 9 of its levels.

You collected 476 gold pieces.

Inventory:

Hand Weapons
 a - a +1 long sword
 i - a +2 short sword of venom
 v - the +7 lajatang of Order (weapon) {silver, rMut}
   (You found it on level 6 of the Dungeon)

   It protects you from mutation.
 y - a +0 flail of distortion
Armour
 b - a +0 scale mail
 c - a +0 shield (worn)
 e - a +0 pair of boots (worn)
 s - a +1 ring mail of cold resistance (worn)
 F - a +2 leather armour of poison resistance
Jewellery
 d - a ring of protection from cold (left hand)
 q - a ring of protection from fire (right hand)
 w - an uncursed ring of protection from fire
 D - an amulet of regeneration (around neck)
Wands
 J - a wand of digging (11/24)
Scrolls
 h - 5 scrolls of enchant weapon
 j - 4 scrolls of remove curse
 k - 8 scrolls of identify
 l - 2 scrolls of fear
 u - a scroll of recharging
 x - a scroll of fog
 A - a scroll of immolation {unknown}
 G - a scroll of holy word {unknown}
 I - a scroll of magic mapping
Potions
 g - a potion of curing {unknown}
 o - a potion of heal wounds {unknown}
 p - a potion of berserk rage {unknown}
 t - a potion of magic
 z - a potion of lignification {unknown}
 B - a potion of cancellation {unknown}
 C - a potion of brilliance {unknown}
 H - a potion of mutation
Books
 E - a book of Minor Magic

   Spells                             Type                      Level
   a - Magic Dart                     Conjuration                  1
   b - Blink                          Translocation                2
   c - Call Imp                       Summoning                    2
   d - Repel Missiles                 Charms/Air                   2
   e - Slow                           Hexes                        2
   f - Conjure Flame                  Conjuration/Fire             3
   g - Mephitic Cloud                 Conjuration/Poison/Air       3
Comestibles
 f - 9 bread rations
 n - 4 beef jerkies
 r - 4 meat rations
 K - a chunk of flesh


   Skills:
 * Level 5.3 Fighting
 - Level 5.9 Long Blades
 * Level 5.3 Staves
 * Level 6.1 Armour
 * Level 3.4 Dodging
 * Level 4.6 Stealth
 * Level 7.0 Shields
 * Level 2.7 Invocations


You had 6 spell levels left.
You knew the following spells:

 Your Spells              Type           Power        Failure   Level  Hunger
a - Repel Missiles        Chrm/Air       #.....       98%         2    ###....


Dungeon Overview and Level Annotations

Branches:
Dungeon (8/15)             Temple (1/1) D:5
   Lair: D:8-11

Altars:
Ashenzari
Cheibriados
Dithmenos
Elyvilon
Fedhas
Gozag
Hepliaklqana
Kikubaaqudgha
Makhleb
Nemelex Xobeh
Okawaru
Qazlal
Ru
Sif Muna
Trog
Uskayaw
Vehumet
Xom
Yredelemnul
Zin
The Shining One

Shops:
D:5 [


Innate Abilities, Weirdness & Mutations

You are under a permanent stasis effect.
You can dig through walls and to a lower floor.
Your four strong arms can wield two-handed weapons with a shield.
You have a pair of large antennae on your head. (SInv)
You are partially covered in rugged brown scales. (AC +1, +3% HP)
You are agile. (Dex +2)


Message History

You feel agile all of a sudden.
The bat hits something.
The orc wizard gestures at you while chanting.
The puff of frost hits you! You resist.
* * * LOW HITPOINT WARNING * * *
The bat hits the plant.
You block the orc warrior's attack.
The orc wizard mumbles some strange words.
The bat hits something but does no damage.
You hit the orc warrior.
The orc warrior is severely wounded.
The bat hits the plant but does no damage. x2
The orc wizard casts a cantrip, but nothing happens.
You block the orc warrior's attack.
The bat hits the plant but does no damage.
You closely miss the orc warrior.
The orc warrior is severely wounded.
The bat hits the plant but does no damage. x2
The orc wizard casts a spell at you. The magic dart hits you!
You die... .#..... ...$.. ...... ### ..... ...... .... #.!. ....P. ##.. #!. #..# #...PP. ##.. #.###.# ..PP.Pb

##.# #.....## ..P..# >..
##.....####.PP..+ ...####
##......@#..P{.P#
.##...###.<...##oo.oPbPP#
.#...........#####..PPPP.P
...##.........# ###.PP.P.
##.##...........# P....P
#.##.....)####.... #...P.
#.........# #... ##.P.
#.........# #.. ##.
##....####.## ..


You could see an orc warrior, 2 orc wizards and a bat.

Vanquished Creatures
  A hill giant (D:7)
  Grinder (D:5)
  A spriggan (D:7)
  A yak (D:8)
  An ice beast (D:5)
  A sky beast (D:5)
  An ogre (D:5)
  A centaur (D:7)
  4 bullfrogs
  A water moccasin skeleton (D:7)
  2 scorpions
  A howler monkey (D:6)
  The ghost of dscm the Digger, a weakling OpEE (D:4)
  A centaur zombie (D:6)
  A centaur skeleton (D:5)
  2 jellies (D:5)
  5 hounds
  An orc priest (D:6)
  5 orc wizards
  An iguana (D:5)
  4 worker ants
  A killer bee zombie (D:5)
  A hound zombie (D:4)
  A worker ant zombie (D:7)
  A howler monkey skeleton (D:7)
  4 adders
  A river rat (D:8)
  2 shadow imps
  2 oozes
  3 adder skeletons
  A worm (D:6)
  3 leopard geckos
  24 orcs
  3 ball pythons
  8 giant cockroaches
  6 goblins
  3 hobgoblins
  2 jackals (D:2)
  5 kobolds
  4 quokkas
  8 bats
  5 frilled lizards
  2 goblin skeletons (D:7)
  A hobgoblin zombie (D:7)
  A jackal zombie (D:5)
  A leopard gecko skeleton (D:4)
  4 orc zombies (D:7)
  A quokka zombie (D:5)
  10 rats
145 creatures vanquished.

Vanquished Creatures (others)
  A fungus (D:8)
1 creature vanquished.

Grand Total: 146 creatures vanquished

Notes
Turn   | Place    | Note
-------+----------+-------------------------------------------
     0 | D:1      | RudyRod the Formicid Fighter began the quest for the Orb.
     0 | D:1      | Reached XP level 1. HP: 18/18 MP: 1/1
   110 | D:1      | Reached XP level 2. HP: 24/24 MP: 2/2
   241 | D:1      | Reached skill level 4 in Shields
   495 | D:2      | Reached XP level 3. HP: 29/29 MP: 3/3
   637 | D:2      | Found a faded altar of an unknown god.
   738 | D:2      | Reached skill level 1 in Stealth
  1205 | D:3      | Reached XP level 4. HP: 35/35 MP: 4/4
  1214 | D:3      | Reached skill level 1 in Dodging
  1536 | D:3      | Reached XP level 5. HP: 39/41 MP: 5/5
  1993 | D:3      | Found a hazy altar of Hepliaklqana.
  1997 | D:3      | Found a shattered altar of Ashenzari.
  2002 | D:3      | Found a snail-covered altar of Cheibriados.
  2114 | D:4      | Reached XP level 6. HP: 44/47 MP: 6/6
  2182 | D:4      | Noticed dscm's ghost (weakling OpEE)
  2294 | D:4      | Killed dscm's ghost
  2294 | D:4      | Reached skill level 5 in Shields
  2658 | D:5      | Entered Level 5 of the Dungeon
  2906 | D:5      | Noticed an ogre
  2912 | D:5      | Killed an ogre
  2912 | D:5      | Reached XP level 7. HP: 10/52 MP: 7/7
  3375 | D:5      | Reached skill level 5 in Long Blades
  3380 | D:5      | Gained mutation: You are agile. (Dex +2) [mutagenic meat]
  3782 | D:5      | Reached skill level 5 in Armour
  3815 | D:5      | Found Bankan's Antique Armour Boutique.
  3992 | D:5      | Noticed Grinder
  4004 | D:5      | Killed Grinder
  4004 | D:5      | Reached XP level 8. HP: 29/60 MP: 8/8
  4089 | D:5      | Found a staircase to the Ecumenical Temple.
  4102 | Temple   | Entered the Ecumenical Temple
  4221 | Temple   | Became a worshipper of Warmaster Okawaru
  4314 | D:5      | Reached skill level 6 in Shields
  4838 | D:6      | Reached skill level 1 in Staves
  5226 | D:7      | Learned a level 2 spell: Repel Missiles
  5258 | D:7      | Reached skill level 1 in Invocations
  5258 | D:7      | Reached XP level 9. HP: 66/66 MP: 8/10
  5696 | D:7      | Found a glowing golden altar of the Shining One.
  6240 | D:8      | Noticed a hill giant
  6253 | D:7      | Killed a hill giant
  6253 | D:7      | Reached * piety under Okawaru
  6253 | D:7      | Reached skill level 5 in Fighting
  6256 | D:7      | Reached skill level 5 in Staves
  6395 | D:8      | Reached ** piety under Okawaru
  6395 | D:8      | Reached skill level 7 in Shields
  6412 | D:8      | Gained mutation: You are partially covered in rugged brown scales. (AC +1, +3% HP) [potion of mutation]
  6414 | D:8      | HP: 2/70 [orc wizard/puff of frost (3)]
  6416 | D:8      | Killed from afar by an orc wizard

Skill      XL: |  1  2  3  4  5  6  7  8  9 |
---------------+----------------------------+-----
Shields        | 4 5 6 7 |  7.0
Stealth        | 1 2 3 4 |  4.6
Dodging        | 1 2 3 |  3.4
Armour         | 4 5 6 |  6.1
Long Blades    | 3 4 5 |  5.9
Fighting       | 4 5 |  5.3
Staves         | 2 5 |  5.3
Invocations    | 1 2 |  2.7

Action                   |  1- 3 |  4- 6 |  7- 9 || total
-------------------------+-------+-------+-------++-------
Melee: Long sword        |   137 |   160 |   114 ||   411
       Lajatang          |       |       |   151 ||   151
  Use: Scroll            |       |     9 |     1 ||    10
       Potion            |       |     1 |     4 ||     5
 Stab: Sleeping          |       |       |     6 ||     6
  Eat: Chunk             |     1 |     6 |     7 ||    14
       Bread ration      |       |       |     2 ||     2
Armor: Scale mail        |    92 |     8 |       ||   100
       Ring mail         |       |    31 |    63 ||    94
Dodge: Dodged            |    59 |    54 |   108 ||   221
Block: Shield            |    90 |    72 |   156 ||   318
       Rpst.: Long sword |    23 |    12 |    15 ||    50
